 Dungeon Crawl Stone Soup version 0.32-a0-163-g159c032 (webtiles) character file.

Game seed: 16166687476163153607

749 Dorkslayer the Chopper (level 7, -2/61 HPs)
             Began as a Hill Orc Fighter on Feb 11, 2024.
             Slain by a gnoll sergeant
             ... wielding a +1 trident of flaming
              (4 damage)
             ... on level 5 of the Dungeon.
             The game lasted 00:10:01 (4019 turns).

Dorkslayer the Chopper (Hill Orc Fighter)           Turns: 4019, Time: 00:10:01

Health: -2/61      AC: 11    Str: 21    XL:     7   Next: 78%
Magic:  7/7        EV:  8    Int:  8    God:
Gold:   61         SH:  4    Dex: 10    Spells: 6/6 levels left

rFire   + . .        a - +1 war axe
rCold   . . .        c - +0 buckler
rNeg    . . .        p - +0 chain mail
rPois   .            (no helmet)
rElec   .            (no cloak)
rCorr   .            (no gloves)
SInv    .            f - +0 pair of boots
Will    +....        (no amulet) Stlth
                     h - ring of protection from fire
HPRegen 0.30/turn    j - ring of willpower
MPRegen 0.10/turn

%: no passive effects
@: no status effects
A: no striking features
a: no special abilities


You were on level 5 of the Dungeon.
You visited 1 branch of the dungeon, and saw 5 of its levels.

You collected 193 gold pieces.
You spent 132 gold pieces at shops.

Inventory:

Hand Weapons
 a - a +1 war axe (weapon)
 d - a +3 mace of draining
 e - a +0 morningstar
Missiles
 m - a throwing net
 t - a boomerang (quivered)
Armour
 c - a +0 buckler (worn)
 f - a +0 pair of boots (worn)
 p - a +0 chain mail (worn)
Jewellery
 h - a ring of protection from fire (left hand)
 j - a ring of willpower (right hand)
Scrolls
 g - a scroll of fog
 i - a scroll of blinking
 k - 2 scrolls of teleportation
Potions
 b - a potion of brilliance
 n - a potion of enlightenment
 o - a potion of degeneration {unknown}


   Skills:
 + Level 5.1 Fighting
 + Level 6.5 Axes
 + Level 5.4 Armour
 * Level 2.9 Dodging
 + Level 0.1 Stealth
 + Level 3.9 Shields
 * Level 1.7 Evocations


You had 6 spell levels left.
You didn't know any spells.
Your spell library contained the following spells:

 Spells                   Type           Power      Damage    Failure   Level
 Shock                    Conj/Air       0%         1d3       98%         1
 Blink                    Tloc           0%         N/A       99%         2
 Lesser Beckoning         Tloc           0%         N/A       99%         2
 Momentum Strike          Conj/Tloc      0%         3d8       99%         2
 Swiftness                Air            0%         N/A       100%        3
 Airstrike                Air            0%         2d(0-16)  100%        4


Dungeon Overview and Level Annotations

Branches:
Dungeon (5/15)
 Temple: D:4-7

Altars:
Ashenzari
Fedhas
Nemelex Xobeh
Uskayaw
Yredelemnul

Shops:
D:4 ?

Annotations:
D:5 2 transporters, dhlexpress's ghost, novice KoEE


Message History

There is a stone staircase leading down here.
The gnoll sergeant shouts!
The gnoll shouts!
The gnoll hits you but does no damage. You block the gnoll's attack.
You barely miss the gnoll. The gnoll hits you but does no damage.
You closely miss the gnoll. The gnoll closely misses you.
You block the gnoll sergeant's attack. The gnoll hits you with a +0 flail.
The gnoll sergeant hits you but does no damage.
The gnoll attacks as it pursues you! The gnoll closely misses you.
The gnoll sergeant attacks as it pursues you!
The gnoll sergeant hits you from afar with a +1 trident of flaming.
The gnoll sergeant attacks as it pursues you!
You block the gnoll sergeant's attack.
Found 18 gold pieces and a scroll of poison.
Found a dagger.
Found a hide-covered altar of Uskayaw.
The gnoll attacks as it pursues you! The gnoll hits you with a +0 flail!
You barely miss the gnoll.
The gnoll sergeant hits you from afar with a +1 trident of flaming!
The gnoll sergeant burns you. The gnoll hits you with a +0 flail!
The gnoll attacks as it pursues you! The gnoll hits you with a +0 flail.
* * * LOW HITPOINT WARNING * * *
You slash the gnoll!
You kill the gnoll!
You barely miss the gnoll sergeant.
The gnoll sergeant is heavily wounded.
The gnoll sergeant hits you with a +1 trident of flaming!
* * * LOW HITPOINT WARNING * * *
The gnoll sergeant burns you.
* * * LOW HITPOINT WARNING * * *
You hit the gnoll sergeant.
The gnoll sergeant is heavily wounded.
The gnoll sergeant closely misses you.
You hit the gnoll sergeant but do no damage.
The gnoll sergeant is heavily wounded.
The gnoll sergeant closely misses you.
You hit the gnoll sergeant.
The gnoll sergeant is severely wounded.
The gnoll sergeant hits you with a +1 trident of flaming.
You die...

##### #...# #########
######...# #.......#
#........#
..ß.ß.ß.#######.####...#
........#..g....# ##.##
.......@#.##.#### #...#
.#......g.##.# #....
#_)......##.### #....
#.?...$...#...# #....
........##)..#.#####....
............<......#..##
#.ß.ß.ß.........[.>..##
.....................###
#.#..............#....#


You could see a gnoll sergeant.

Vanquished Creatures
  An ogre (D:5)
  A scorpion (D:4)
  A gnoll sergeant (D:5)
  3 orc priests
  A hound (D:5)
  An iguana (D:4)
  2 orc wizards
  Ijyb (D:3)
  2 scorpion zombies (D:3)
  3 hound skeletons (D:3)
  A hound zombie (D:3)
  A howler monkey zombie (D:3)
  7 gnolls (D:5)
  3 adders (D:3)
  2 adder zombies (D:3)
  2 dart slugs
  3 ribbon worms
  13 orcs
  7 ball pythons
  3 bats (D:1)
  5 endoplasms
  3 giant cockroaches
  5 goblins
  13 hobgoblins
  2 jackals (D:1)
  3 quokkas (D:1)
  A ball python skeleton (D:3)
  4 frilled lizards (D:1)
  5 kobolds (D:1)
  2 quokka zombies (D:3)
  5 rats
106 creatures vanquished.

Notes
Turn   | Place    | Note
-------+----------+-------------------------------------------
     0 | D:1      | Dorkslayer the Hill Orc Fighter began the quest for the
                  | Orb.
     0 | D:1      | Reached XP level 1. HP: 19/19 MP: 1/1
    40 | D:1      | You fall into a shaft and drop 1 floor!
   133 | D:1      | Reached XP level 2. HP: 17/27 MP: 2/2
   275 | D:1      | Reached skill level 3 in Axes
   334 | D:1      | Reached XP level 3. HP: 30/33 MP: 3/3
  1197 | D:2      | Reached skill level 1 in Dodging
  1391 | D:3      | Reached XP level 4. HP: 26/40 MP: 4/4
  1523 | D:3      | Reached skill level 4 in Axes
  1528 | D:3      | Reached XP level 5. HP: 4/46 MP: 5/5
  1687 | D:3      | Noticed Ijyb
  1698 | D:3      | Killed Ijyb
  1990 | D:3      | Found a faded altar of an unknown god.
  2049 | D:3      | Reached skill level 5 in Axes
  2059 | D:3      | Reached XP level 6. HP: 53/53 MP: 6/6
  2377 | D:3      | Found a basalt altar of Yredelemnul.
  2602 | D:4      | Found a broken altar of Ashenzari.
  2644 | D:4      | Found a blossoming altar of Fedhas.
  2880 | D:4      | Found a sparkling altar of Nemelex Xobeh.
  3108 | D:4      | Reached XP level 7. HP: 25/59 MP: 7/7
  3113 | D:4      | Reached skill level 5 in Armour
  3113 | D:4      | Reached skill level 1 in Evocations
  3124 | D:4      | Found Ziesuoh's Magic Scroll Shoppe.
  3127 | D:4      | Bought a scroll of vulnerability for 44 gold pieces
  3127 | D:4      | Bought a scroll of identify for 22 gold pieces
  3127 | D:4      | Bought a scroll of identify for 22 gold pieces
  3127 | D:4      | Bought a scroll of identify for 22 gold pieces
  3127 | D:4      | Bought a scroll of identify for 22 gold pieces
  3310 | D:4      | Reached skill level 5 in Fighting
  3310 | D:4      | Reached skill level 6 in Axes
  3549 | D:5      | Entered Level 5 of the Dungeon
  3790 | D:5      | Noticed dhlexpress's ghost (novice KoEE)
  3791 | D:5      | Found a transporter.
  3856 | D:5      | Found a transporter.
  4011 | D:5      | Found a hide-covered altar of Uskayaw.
  4016 | D:5      | HP: 1/61 [gnoll sergeant/+1 trident of flaming (3)]
  4019 | D:5      | Slain by a gnoll sergeant

Illustrated notes

Levels and vault maps discovered:
D:1:      evilmike_arrival_rings, layout_loops_ring, st_stairs_13
D:2:      layout_rooms
D:3:      layout_basic, lemuel_zombie_altar_yredelemnul,
          ebering_ecumenical_altar_box, serial_undead, serial_undead_f,
          serial_undead_f, serial_undead_d, serial_undead_a, serial_undead_c,
          serial_undead_a, st_stairs_13, uniq_ijyb
D:4:      layout_basic, nemelex_xobeh_ov_fountains_minmay,
          cheibrodos_ashenzari_chains, fedhas_altar_1, serial_shops,
          kennysheep_mini
D:5:      layout_rooms, cheibriados_altar_1, eat_drink_and_be_merry_uskayaw,
          gammafunk_ghost_hive

Skill      XL: |  1  2  3  4  5  6  7 |
---------------+----------------------+-----
Axes           | 3 4 5 6 |  6.5
Fighting       | 4 5 |  5.1
Dodging        | 1 2 |  2.9
Armour         | 4 5 |  5.4
Evocations     | 1 |  1.7
Stealth        | |  0.1
Shields        | |  3.9

Action                     |  1- 3 |  4- 6 |  7- 9 || total
---------------------------+-------+-------+-------++-------
  Melee: War axe           |   121 |   173 |    56 ||   350
  Evoke: Wand              |       |       |     3 ||     3
    Use: Potion            |       |     4 |     3 ||     7
         Scroll            |       |       |    13 ||    13
   Stab: Invisible         |       |       |     1 ||     1
 Armour: Scale mail        |    99 |    63 |       ||   162
         Chain mail        |       |    90 |    58 ||   148
  Dodge: Dodged            |    62 |    62 |    23 ||   147
  Block: Buckler           |    38 |    41 |    14 ||    93

Table legend: (Time is in decaauts)
 A = Elapsed time spent in this place.
 B = Non-inter-level travel time spent in this place.
 C = Inter-level travel time spent in this place.
 D = Time resting spent in this place.
 E = Time spent auto-exploring this place.
 F = Levels seen in this place.
 G = Mean time per level.
                   A        B        C        D        E       F      G
               +--------+--------+--------+--------+--------+-----+--------+
         Total |   4126 |   4126 |      0 |      0 |   2392 |   5 |  825.2 |
       Dungeon |   4126 |   4126 |      0 |      0 |   2392 |   5 |  825.2 |
               +--------+--------+--------+--------+--------+-----+--------+

Top non-repeatable levels by time:
     D:3: 1257 daAuts
     D:4: 1019 daAuts
     D:1: 908 daAuts
     D:5: 478 daAuts
     D:2: 462 daAuts
